[Event "Titled Tuesday Blitz August 09 Early 2022"]
[White "Nurmanova, Alua"]
[Black "Melikhov, Evgeny V."]
[WhiteFideId "13729390"]
[BlackFideId "4122046"]
[WhiteElo "1921"]
[BlackElo "1963"]
[Result "1-0"]
[Round "09"]
[TimeControl "180+1"]
[Date "2022.08.09"]
[WhiteClock "0:00:29"]
[BlackClock "0:00:01"]

1. e4 e5 2. Nf3 Nc6 3. Bb5 a6 4. Ba4 Nf6 5. O-O Nxe4 6. d4 b5 7. Bb3 d5 8. dxe5 Be6 9. c3 Bc5 10. Qd3 O-O 11. Be3 Bxe3 12. Qxe3 Na5 13. Nbd2 Nxd2 14. Nxd2 f6 15. Rfe1 fxe5 16. Qxe5 Bf7 17. Bc2 c6 18. b3 Nb7 19. Nf3 Qd6 20. Qd4 Qc5 21. Qh4 h6 22. Rac1 Rae8 23. Ne5 Qd6 24. Qg3 Nc5 25. b4 Ne4 26. Bxe4 dxe4 27. Rxe4 Bd5 28. Re3 Re6 29. Rce1 Ref6 30. Ng4 Qxg3 31. Nxf6+ Rxf6 32. hxg3 Bxa2 33. Re8+ Kh7 34. Ra8 Bd5 35. Rxa6 Rf7 36. Ra8 Rd7 37. Rb8 Ra7 38. Re2 Kg6 39. Rd8 Kf6 40. Rd6+ Kf7 41. Kh2 Ra3 42. Re3 Ra2 43. f3 Rc2 44. g4 Rc1 45. Kg3 Rc2 46. Rd7+ Kf6 47. Ree7 g6 48. Rh7 Rxc3 49. Rxh6 Rb3 50. Rd6+ Ke5 51. Rdxg6 Rxb4 52. Rg5+ Kd4 53. Rf5 Rb2 54. g5 b4 55. g6 Ra2 56. g7 Ra8 57. Rh8 Bg8 58. Rf8 Ra5 59. Rhxg8 b3 60. Rb8 1-0


[Site "https://www.chess.com"]

[Event "Titled Tuesday Blitz August 09 Early 2022"]
[White "Omariev, Maksim"]
[Black "Gombocz, Ferenc Jr."]
[WhiteFideId "4193423"]
[BlackFideId "775029"]
[WhiteElo "2510"]
[BlackElo "1913"]
[Result "1-0"]
[Round "09"]
[TimeControl "180+1"]
[Date "2022.08.09"]
[WhiteClock "0:00:10"]
[BlackClock "0:00:10"]

1. g4 d5 2. Bg2 Bxg4 3. c4 Be6 4. Qb3 c6 5. Qxb7 Nd7 6. cxd5 cxd5 7. Nc3 Rb8 8. Qxa7 Ngf6 9. Nf3 g6 10. Nd4 Bg7 11. Nc6 Qb6 12. Qxb6 Rxb6 13. Nd4 O-O 14. O-O Ra8 15. b3 Ne4 16. Bxe4 Bxd4 17. Bg2 Bxc3 18. dxc3 Rxb3 19. c4 Nf6 20. Rd1 Rb4 21. cxd5 Bf5 22. d6 Re8 23. Ba3 Ra4 24. Bc5 Rc4 25. Be3 exd6 26. Rxd6 Ne4 27. Bxe4 Bxe4 28. a4 Rb8 29. a5 Rcb4 30. f3 Ba8 31. a6 Rb3 32. Kf2 Rb2 33. a7 Rc8 34. Ra3 Rbc2 35. Bf4 h5 36. Rb6 Re8 37. Rb8 Rxe2+ 38. Kg3 f6 39. Rab3 g5 40. Bd6 h4+ 41. Kg4 Kf7 42. Rxe8 Rxe8 43. Rb8 Rg8 44. f4 gxf4+ 45. Kxf4 Re8 46. h3 Bc6 47. Kg4 Ke6 48. Bf4 Kf7 49. Kxh4 Bf3 50. Kg3 Ba8 51. h4 Be4 52. h5 Rg8+ 53. Kf2 Kg7 54. h6+ Kh7 55. Ke3 f5 56. Kd4 Ba8 57. Kc5 Be4 58. Kb6 Bf3 59. Rxg8 Kxg8 60. Kc7 Kh7 61. Kb8 Be4 62. a8=Q Bxa8 63. Kxa8 Kg6 64. Kb7 Kh7 65. Kc6 Kg6 66. Kd5 Kh7 67. Ke6 Kg6 68. Ke5 Kh7 69. Kxf5 Kg8 70. Kg6 Kh8 71. Be5+ Kg8 72. h7+ 1-0


[Site "https://www.chess.com"]

[Event "Titled Tuesday Blitz August 09 Early 2022"]
[White "Orlov, Georgi"]
[Black "Filippova, Margarita"]
[WhiteFideId "2011271"]
[BlackFideId "34199680"]
[WhiteElo "2585"]
[BlackElo "1734"]
[Result "1-0"]
[Round "09"]
[TimeControl "180+1"]
[Date "2022.08.09"]
[WhiteClock "0:01:40"]
[BlackClock "0:01:38"]

1. d4 d5 2. Nf3 Nf6 3. c4 c6 4. Nc3 e6 5. e3 Nbd7 6. Bd3 Bd6 7. O-O O-O 8. e4 dxc4 9. Bxc4 e5 10. Bg5 h6 11. Bh4 Qe8 12. dxe5 Nxe5 13. Qxd6 Nxc4 14. Qd4 Qe6 15. b3 Nb6 16. Rad1 Nfd7 17. Qe3 Nf6 18. Nd4 Qe7 19. e5 g5 20. Bxg5 1-0


[Site "https://www.chess.com"]

[Event "Titled Tuesday Blitz August 09 Early 2022"]
[White "Parpiev, Isaak"]
[Black "Volkov, Maksim"]
[WhiteFideId "34281576"]
[BlackFideId "54123070"]
[WhiteElo "2049"]
[BlackElo "2155"]
[Result "0-1"]
[Round "09"]
[TimeControl "180+1"]
[Date "2022.08.09"]
[WhiteClock "0:00:08"]
[BlackClock "0:00:09"]

1. e4 c5 2. Nf3 d6 3. d4 cxd4 4. Nxd4 Nf6 5. Nc3 a6 6. f4 e5 7. Nb3 Nbd7 8. g4 h6 9. g5 hxg5 10. fxg5 Nh5 11. Qf3 Be7 12. h4 Nf8 13. Be3 Ng6 14. O-O-O Ngf4 15. Na4 Be6 16. Nb6 Rb8 17. Bc4 O-O 18. Bd5 g6 19. Kb1 Qc7 20. c4 Bd8 21. Rh2 Qe7 22. c5 Bxb6 23. cxb6 Rbc8 24. Ka1 Qd7 25. Bxe6 fxe6 26. Qg4 Qc6 27. Bxf4 Nxf4 28. h5 gxh5 29. Rxh5 Nxh5 30. Qxe6+ Kg7 31. Qh6+ Kf7 32. Rf1+ Ke7 33. Qh7+ Ke6 34. Qg6+ Ke7 35. Qh7+ Ke8 36. Qxh5+ Ke7 37. Qh7+ Ke6 38. Qg6+ Ke7 39. Qg7+ Ke6 40. Rf6+ Rxf6 41. Qxf6+ Kd7 42. Qf7+ Kd8 43. Qf8+ Qe8 44. Qf7 Qxf7 0-1


[Site "https://www.chess.com"]

[Event "Titled Tuesday Blitz August 09 Early 2022"]
[White "Perez Rodriguez, Jennifer"]
[Black "Bashirli, Saadat"]
[WhiteFideId "3507831"]
[BlackFideId "13429990"]
[WhiteElo "2170"]
[BlackElo "1173"]
[Result "1-0"]
[Round "09"]
[TimeControl "180+1"]
[Date "2022.08.09"]
[WhiteClock "0:01:52"]
[BlackClock "0:01:31"]

1. e4 c5 2. c3 Nf6 3. e5 Nd5 4. Nf3 Nc6 5. d4 cxd4 6. cxd4 d6 7. Bc4 Nb6 8. Bxf7+ Kxf7 9. e6+ Ke8 10. d5 Nb4 11. Nc3 g6 12. O-O Bg7 13. Ng5 Bf6 14. Nf7 Qc7 15. Nxh8 Bxh8 16. Qf3 Bf6 17. Bg5 Nc2 18. Bxf6 exf6 19. Rac1 Nd4 20. Qxf6 Qe7 21. Qxd4 Bxe6 22. Rfe1 Qg5 23. Rxe6+ Kd7 24. Rce1 Kd8 25. Qh8+ Kd7 26. Qg7+ Kc8 27. Re8+ Qd8 28. Rxd8+ Kxd8 29. Qe7+ Kc8 30. Qe8+ Kc7 31. Re7+ Nd7 32. Qxd7+ Kb6 33. Qxb7+ Kc5 34. Qc6+ 1-0


[Site "https://www.chess.com"]

[Event "Titled Tuesday Blitz August 09 Early 2022"]
[White "Petrova, Irina"]
[Black "Sanchez, Robert"]
[WhiteFideId "14124122"]
[BlackFideId "2034360"]
[WhiteElo "2021"]
[BlackElo "2276"]
[Result "0-1"]
[Round "09"]
[TimeControl "180+1"]
[Date "2022.08.09"]
[WhiteClock "0:00:01"]
[BlackClock "0:00:03"]

1. e4 Nc6 2. d4 d5 3. e5 Bf5 4. c3 e6 5. h4 h5 6. Ne2 Nge7 7. Ng3 Bg6 8. Bd3 Bxd3 9. Qxd3 g6 10. Bg5 Qd7 11. Bf6 Rg8 12. Nd2 O-O-O 13. Nb3 Kb8 14. Nc5 Qc8 15. a4 Bg7 16. Bxg7 Rxg7 17. a5 Nf5 18. Nxf5 gxf5 19. g3 Rdg8 20. Ke2 Ka8 21. b4 Ne7 22. b5 f4 23. gxf4 Rg4 24. Qf3 Ng6 25. Nd3 Nxh4 26. Rxh4 Rxh4 27. a6 b6 28. c4 Qd7 29. Rh1 Rxh1 30. Qxh1 c6 31. Nb4 c5 32. cxd5 exd5 33. Nxd5 Kb8 34. Nf6 Qxb5+ 35. Kf3 cxd4 36. Qc1 Rd8 37. Nxh5 d3 38. Nf6 d2 39. Qd1 Qd3+ 40. Kg2 Qxa6 41. Ne4 Qb7 42. f3 Qd5 43. Nd6 Rxd6 44. exd6 Qxd6 45. Kf2 Qxf4 46. Ke2 Qd4 47. f4 Qxf4 48. Qh1 Qd4 49. Qh2+ Kb7 50. Qg2+ Ka6 51. Kd1 Ka5 52. Qa8 b5 53. Qb7 a6 54. Qc7+ Ka4 55. Qc2+ Ka5 56. Qc7+ Kb4 57. Qe7+ Qc5 58. Qe4+ Qc4 59. Qe7+ Kb3 60. Qe3+ Qc3 61. Qe4 Qc1+ 0-1


[Site "https://www.chess.com"]

[Event "Titled Tuesday Blitz August 09 Early 2022"]
[White "Piesik, Piotr"]
[Black "Bryakin, Mikhail"]
[WhiteFideId "1136194"]
[BlackFideId "4165314"]
[WhiteElo "2221"]
[BlackElo "2353"]
[Result "0-1"]
[Round "09"]
[TimeControl "180+1"]
[Date "2022.08.09"]
[WhiteClock "0:00:08"]
[BlackClock "0:00:26"]

1. Nf3 Nf6 2. g3 b6 3. Bg2 Bb7 4. O-O g6 5. c4 Bg7 6. Nc3 c5 7. d3 O-O 8. e4 Nc6 9. Ne1 e6 10. f4 Ne8 11. Nc2 Nd4 12. Ne2 Nxe2+ 13. Qxe2 d5 14. e5 Rb8 15. Be3 f6 16. exf6 Nxf6 17. Rad1 d4 18. Bxb7 Rxb7 19. Bf2 Re7 20. Ne1 e5 21. fxe5 Nd7 22. e6 Rf6 23. Ng2 Rexe6 24. Qc2 Bh6 25. g4 Ne5 26. Bh4 Rxf1+ 27. Rxf1 Bg5 28. Qf2 Bxh4 29. Nxh4 Qe7 30. Qg3 Qg5 31. h3 Qe3+ 32. Kg2 Qxg3+ 33. Kxg3 Nxd3 34. Nf3 Nxb2 35. Ng5 Re7 36. Rf6 Nxc4 37. Rc6 d3 38. Rc8+ Kg7 39. Rd8 d2 40. Nf3 b5 41. g5 h6 42. h4 hxg5 43. hxg5 b4 44. Kf4 a5 45. Nxd2 Nxd2 46. Rxd2 c4 47. Rd5 Rc7 0-1


[Site "https://www.chess.com"]

[Event "Titled Tuesday Blitz August 09 Early 2022"]
[White "Pulpan, Jakub"]
[Black "Pranav Anand"]
[WhiteFideId "302759"]
[BlackFideId "46626786"]
[WhiteElo "2451"]
[BlackElo "2300"]
[Result "1/2-1/2"]
[Round "09"]
[TimeControl "180+1"]
[Date "2022.08.09"]
[WhiteClock "0:00:14"]
[BlackClock "0:00:17"]

1. Nf3 Nf6 2. b3 b6 3. g3 Bb7 4. Bg2 a5 5. a4 e6 6. Bb2 Be7 7. O-O O-O 8. d3 d5 9. e4 dxe4 10. Nfd2 Nbd7 11. Nc3 Nc5 12. Ndxe4 Nfxe4 13. Nxe4 Nxe4 14. Bxe4 Bd5 15. Qf3 Bxe4 16. Qxe4 Bf6 17. Be5 Bxe5 18. Qxe5 Qd7 19. Rfe1 Qc6 20. Qb2 Rad8 21. Re4 Rd5 22. Rc4 Qd6 23. Re1 h5 24. h4 Rd8 25. b4 axb4 26. Rxb4 Ra5 27. Rc4 Rda8 28. Qc3 c5 29. Qb3 Qc6 30. Rb1 R8a6 31. d4 Qd5 32. dxc5 bxc5 33. Qc3 Kh7 34. Re1 Ra8 35. Kh2 Qf5 36. Rf4 Qg6 37. Re5 Rxa4 38. Rg5 Ra3 39. Qxc5 R3a5 40. Qxa5 Rxa5 41. Rxa5 Qxc2 42. Rxh5+ Kg8 43. Re5 Qa2 44. Re1 f6 45. Kg1 e5 46. Rfe4 Kh7 47. R4e2 Qc4 48. f3 Qd4+ 49. Kg2 Kg6 50. Re4 Qb2+ 51. R1e2 Qb3 52. Rg4+ Kh6 53. Rge4 Qd5 54. Ra4 Qd7 55. Rea2 Qd5 56. Ra5 Qd3 57. R5a4 Qb3 58. Ra8 Qd5 59. Rh8+ Kg6 60. h5+ Kg5 61. Re2 Qd7 62. Rh7 Qd3 63. Rxg7+ Kh6 64. Rg6+ Kxh5 65. Rxf6 Qxe2+ 66. Kh3 Kg5 67. Rf8 Qf1+ 68. Kh2 Qf2+ 69. Kh3 Qg1 70. f4+ exf4 71. gxf4+ Kh6 72. Rf6+ Kg7 73. Rf5 Qh1+ 74. Kg3 Qg1+ 75. Kh3 Qf1+ 76. Kg3 Qd3+ 77. Kg4 Kg6 78. Rg5+ Kf6 79. Re5 Qf1 80. Kg3 Qg1+ 81. Kf3 Qd1+ 82. Kg3 Qd3+ 83. Kf2 Kg6 84. Rg5+ Kf6 85. Re5 Kf7 86. Rg5 Ke6 87. Re5+ Kd6 88. Rg5 Qe4 89. Kg3 Qe3+ 90. Kg4 Qg1+ 91. Kf3 Qf1+ 92. Ke3 Ke6 93. Re5+ Kf6 94. Rg5 Kf7 95. Rf5+ Ke6 96. Re5+ Kd6 97. Rg5 Qe1+ 98. Kf3 Qf1+ 99. Ke3 1/2-1/2


[Site "https://www.chess.com"]

[Event "Titled Tuesday Blitz August 09 Early 2022"]
[White "Quirke, Jeffrey"]
[Black "Sarkar, Justin"]
[WhiteFideId "2013029"]
[BlackFideId "2010011"]
[WhiteElo "2222"]
[BlackElo "2076"]
[Result "0-1"]
[Round "09"]
[TimeControl "180+1"]
[Date "2022.08.09"]
[WhiteClock "0:00:02"]
[BlackClock "0:00:01"]

1. d4 Nf6 2. Nf3 d5 3. g3 e6 4. Bg2 c6 5. O-O Nbd7 6. b3 Be7 7. Bb2 O-O 8. c4 b6 9. Nbd2 Bb7 10. Qc2 Rc8 11. Rad1 c5 12. dxc5 Nxc5 13. Qb1 Qd7 14. Ne5 Qc7 15. Rc1 dxc4 16. Ndxc4 Bxg2 17. Kxg2 Qb7+ 18. Kg1 Rfd8 19. Rfd1 h6 20. h4 Rd5 21. Ne3 Rxd1+ 22. Rxd1 Rd8 23. Rxd8+ Bxd8 24. Qd1 Be7 25. b4 Nce4 26. a3 Nd6 27. Qd3 Nde8 28. g4 Qd5 29. Nxd5 Nxd5 30. e3 Bf6 31. g5 hxg5 32. hxg5 Bxg5 33. f4 Bf6 34. Kg2 Nd6 35. Kf3 Nf5 36. Qc2 Ndxe3 37. Qc8+ Kh7 38. Nxf7 Kg6 39. Ne5+ Bxe5 40. Bxe5 Nd5 41. Ke4 Kf7 42. Kd3 Nxf4+ 0-1


[Site "https://www.chess.com"]

[Event "Titled Tuesday Blitz August 09 Early 2022"]
[White "Ramirez Vido, Robert Yorisan"]
[Black "Azarov, Sergei"]
[WhiteFideId "3513823"]
[BlackFideId "13501470"]
[WhiteElo "2442"]
[BlackElo "2494"]
[Result "0-1"]
[Round "09"]
[TimeControl "180+1"]
[Date "2022.08.09"]
[WhiteClock "0:00:03"]
[BlackClock "0:00:10"]

1. Nf3 Nf6 2. g3 d5 3. Bg2 e6 4. O-O c5 5. d3 Nc6 6. Nbd2 Be7 7. e4 Qc7 8. Re1 b6 9. exd5 Nxd5 10. d4 cxd4 11. Nb3 Bb7 12. Nfxd4 Nxd4 13. Nxd4 O-O 14. c3 Bf6 15. Qg4 Rfd8 16. Bg5 Bxg5 17. Qxg5 h6 18. Qe5 Qxe5 19. Rxe5 Rab8 20. a4 a6 21. a5 b5 22. Nb3 Rbc8 23. Rd1 Kf8 24. Re2 Ke7 25. Red2 Ba8 26. Nd4 f6 27. Nf5+ exf5 28. Bxd5 Bxd5 29. Rxd5 Rxd5 30. Rxd5 Ke6 31. Rd4 g5 32. f4 Rc4 33. Rd8 Ra4 34. b4 Ra2 35. Ra8 Kd5 36. Rxa6 Ke4 37. Rd6 Ra1+ 38. Kf2 Ra2+ 39. Kf1 Rxh2 40. a6 Ra2 41. fxg5 fxg5 42. Rxh6 f4 43. gxf4 gxf4 44. Re6+ Kd3 45. Rf6 Kxc3 46. Rxf4 Rxa6 47. Ke1 Rd6 48. Ke2 Rd5 49. Ke1 Rd3 50. Ke2 Rd2+ 51. Ke1 Rb2 52. Kd1 Rb1+ 53. Ke2 Rxb4 54. Rf3+ Kb2 55. Rf8 Rc4 56. Kd2 b4 57. Rh8 b3 58. Rh1 Rd4+ 59. Ke3 Rd7 60. Rh6 Kb1 0-1


[Site "https://www.chess.com"]

[Event "Titled Tuesday Blitz August 09 Early 2022"]
[White "Rose, Felix"]
[Black "Khabinets, Ivan"]
[WhiteFideId "5105722"]
[BlackFideId "14115980"]
[WhiteElo "2039"]
[BlackElo "2114"]
[Result "0-1"]
[Round "09"]
[TimeControl "180+1"]
[Date "2022.08.09"]
[WhiteClock "0:00:05"]
[BlackClock "0:00:38"]

1. e4 c5 2. Nf3 Nc6 3. d4 cxd4 4. Nxd4 Nf6 5. Nc3 e5 6. Ndb5 d6 7. Bg5 a6 8. Na3 b5 9. Nd5 Be7 10. Bxf6 Bxf6 11. c3 O-O 12. Nc2 Rb8 13. Be2 Bg5 14. O-O Be6 15. Ncb4 Nxb4 16. Nxb4 Qb6 17. Nd5 Qc5 18. b4 Qc8 19. a4 Bxd5 20. Qxd5 Qxc3 21. axb5 axb5 22. Bxb5 Qxb4 23. Rab1 Qa5 24. g3 Bd8 25. Rb3 Bb6 26. Rfb1 Bc5 27. Bc4 Rxb3 28. Rxb3 Qe1+ 29. Kg2 Qxf2+ 30. Kh3 h5 31. Qd1 g6 32. Rf3 Qd4 33. Qf1 Qxe4 34. Rxf7 d5 35. Rxf8+ Bxf8 36. Bd3 Qg4+ 37. Kg2 e4 38. Be2 Qe6 39. Qf4 Bg7 40. Bd1 Kh7 41. Bb3 Qd7 42. Qg5 d4 43. Bd5 Qf5 0-1


[Site "https://www.chess.com"]

[Event "Titled Tuesday Blitz August 09 Early 2022"]
[White "Rosenberg, Evan S"]
[Black "Dev, Shah"]
[WhiteFideId "2019299"]
[BlackFideId "35019058"]
[WhiteElo "2439"]
[BlackElo "2048"]
[Result "0-1"]
[Round "09"]
[TimeControl "180+1"]
[Date "2022.08.09"]
[WhiteClock "0:00:03"]
[BlackClock "0:00:10"]

1. e4 e5 2. Bc4 Nf6 3. d3 Nc6 4. Nc3 Bb4 5. Ne2 d5 6. exd5 Nxd5 7. O-O Nxc3 8. Nxc3 O-O 9. Qh5 Nd4 10. Bg5 Qe8 11. Nd5 Bd6 12. c3 Ne6 13. Bf6 c6 14. Bxg7 cxd5 15. Bxf8 Bxf8 16. Bxd5 Nf4 17. Qg5+ Bg7 18. Be4 h6 19. Qh4 f5 20. Bf3 Nxd3 21. Qc4+ Be6 22. Qxd3 e4 23. Bxe4 fxe4 24. Qxe4 Qf7 25. Rfe1 Bxa2 26. Qe7 Qxe7 27. Rxe7 Bd5 28. Ra5 Bc6 29. Rf5 Rd8 30. h3 Rd2 31. Rff7 Bf8 32. Rxf8+ Kxf8 33. Re6 Kg7 34. b4 Rc2 35. Re3 Bd5 36. h4 b5 37. g4 Bc4 38. Re7+ Kf6 39. Rxa7 Rxc3 40. Ra6+ Kg7 41. h5 Bd5 42. Rg6+ Kh7 43. Rd6 Bf3 44. Rd4 Rc4 45. Rd7+ Kh8 46. Rd8+ Kg7 47. Rd7+ Kf6 48. Rd6+ Kg5 49. Rg6+ Kh4 50. Rxh6 Rc1+ 51. Kh2 Rh1# 0-1


[Site "https://www.chess.com"]

[Event "Titled Tuesday Blitz August 09 Early 2022"]
[White "Sailer, Mike"]
[Black "Mikhnenko, Alexander"]
[WhiteFideId "2012901"]
[BlackFideId "34143014"]
[WhiteElo "2109"]
[BlackElo "2134"]
[Result "1-0"]
[Round "09"]
[TimeControl "180+1"]
[Date "2022.08.09"]
[WhiteClock "0:00:06"]
[BlackClock "0:00:03"]

1. d4 Nf6 2. Nf3 e6 3. Bf4 d5 4. e3 c5 5. Nc3 Nc6 6. Nb5 e5 7. Nxe5 Qa5+ 8. c3 cxd4 9. exd4 Bf5 10. Nxc6 bxc6 11. Nc7+ Kd7 12. Nxa8 Bd6 13. Bxd6 Kxd6 14. Bd3 Bxd3 15. Qxd3 Re8+ 16. Kf1 Rxa8 17. h3 Qb6 18. Rb1 Re8 19. Kg1 Ne4 20. h4 Qd8 21. Rh3 Re6 22. Re1 Qd7 23. Rhe3 Qe7 24. f3 Ng3 25. Rxe6+ fxe6 26. Qxh7 Nf5 27. Qh5 Nxh4 28. Qe5+ Kd7 29. Qb8 Qg5 30. Qxa7+ Kd6 31. Qb8+ Kd7 32. Qb7+ Kd6 33. Qb4+ Kc7 34. Qa5+ Kc8 35. Qa8+ Kc7 36. Qa7+ Kd6 37. Re2 Nxf3+ 38. Kf2 Nh4 39. Qb8+ Kd7 40. Qe5 Nf5 41. Qxe6+ Kc7 42. Qe5+ Kb7 43. g4 Qh4+ 44. Kf3 Qh3+ 45. Kf4 Nh4 46. Qxg7+ Ka6 47. Re6 Qf3+ 48. Kg5 Ng2 49. Rxc6+ Ka5 50. Qa7+ Kb5 51. Qb7+ Ka5 52. Ra6# 1-0


[Site "https://www.chess.com"]

[Event "Titled Tuesday Blitz August 09 Early 2022"]
[White "Samant Aditya S"]
[Black "Malyi, Viacheslav"]
[WhiteFideId "35080580"]
[BlackFideId "14123983"]
[WhiteElo "1968"]
[BlackElo "2190"]
[Result "1-0"]
[Round "09"]
[TimeControl "180+1"]
[Date "2022.08.09"]
[WhiteClock "0:00:57"]
[BlackClock "0:00:17"]

1. Nf3 d5 2. b3 Nf6 3. Bb2 c6 4. e3 Bg4 5. c4 Nbd7 6. Nc3 e6 7. h3 Bh5 8. Be2 Bd6 9. O-O O-O 10. d4 Re8 11. Nh4 Bxe2 12. Qxe2 Ne4 13. Nf3 Nxc3 14. Bxc3 Nf6 15. Nd2 a6 16. Rfe1 b5 17. a4 bxc4 18. bxc4 Qc7 19. Rab1 Reb8 20. Rxb8+ Rxb8 21. c5 Be7 22. Qxa6 h5 23. Rb1 Rxb1+ 24. Nxb1 Ne4 25. Qb6 Qd7 26. a5 Bd8 27. Qb8 Kh7 28. a6 Bc7 29. a7 e5 30. a8=Q Bxb8 31. Qxb8 Qf5 32. Qb2 exd4 33. Bxd4 f6 34. Nc3 Ng5 35. Qb1 Ne4 36. Nxe4 dxe4 37. f3 1-0


[Site "https://www.chess.com"]

[Event "Titled Tuesday Blitz August 09 Early 2022"]
[White "Sarana, Alexey"]
[Black "Ibarra Jerez, Jose Carlos"]
[WhiteFideId "24133795"]
[BlackFideId "2226332"]
[WhiteElo "2666"]
[BlackElo "2628"]
[Result "1-0"]
[Round "09"]
[TimeControl "180+1"]
[Date "2022.08.09"]
[WhiteClock "0:00:07"]
[BlackClock "0:00:05"]

1. c4 e5 2. Nc3 Nc6 3. g3 Bc5 4. Bg2 d6 5. e3 a6 6. Nge2 Ba7 7. d4 exd4 8. exd4 Nge7 9. O-O O-O 10. b3 Nf5 11. d5 Ne5 12. h3 b5 13. cxb5 axb5 14. Nxb5 Bb6 15. Kh2 Ba6 16. Nec3 Re8 17. a4 Nd4 18. Be3 Bxb5 19. Nxb5 Nxb5 20. Bxb6 cxb6 21. axb5 Rxa1 22. Qxa1 Qd7 23. Re1 Qxb5 24. f4 Ng6 25. Rxe8+ Qxe8 26. Qa7 Qd8 27. Be4 Nf8 28. h4 Nd7 29. b4 Nf6 30. Bf3 h5 31. Kg2 g6 32. Qb7 Kg7 33. Kf2 Kf8 34. Qc6 Kg7 35. Kf1 Kf8 36. Kf2 Kg7 37. Qc3 Qe7 38. Qd4 Qc7 39. Be2 Qd8 40. Bd3 Qc7 41. f5 Qd8 42. Ke3 Qe7+ 43. Kf4 Kh7 44. fxg6+ fxg6 45. Kf3 Nd7 46. Kf2 Ne5 47. Be4 Qf6+ 48. Ke2 Qd8 49. Qc3 Qe7 50. Qc2 Ng4 51. Kf3 Qf6+ 52. Ke2 Qd4 53. Qd3 Qf2+ 54. Kd1 Qf6 55. Kc2 Ne5 56. Qe3 Qf7 57. Qf4 Qc7+ 58. Kd2 Qc4 59. Bc2 Qxf4+ 60. gxf4 Nf3+ 61. Kc3 Nxh4 62. Kc4 Ng2 63. Be4 Nxf4 64. Kb5 Kg7 65. Kxb6 g5 66. Kc6 g4 67. b5 g3 68. b6 h4 69. b7 h3 70. b8=Q g2 71. Qc7+ Kf6 72. Qxd6+ Kg5 73. Qe5+ Kg4 74. Qf5+ Kh4 75. Qxf4+ 1-0


[Site "https://www.chess.com"]

[Event "Titled Tuesday Blitz August 09 Early 2022"]
[White "Sawlin, Leonid"]
[Black "De Souza, Cristiano Gomes"]
[WhiteFideId "4689542"]
[BlackFideId "2151758"]
[WhiteElo "2412"]
[BlackElo "2068"]
[Result "1-0"]
[Round "09"]
[TimeControl "180+1"]
[Date "2022.08.09"]
[WhiteClock "0:01:31"]
[BlackClock "0:01:19"]

1. c4 Nf6 2. Nc3 g6 3. Nf3 Bg7 4. g3 d6 5. Bg2 O-O 6. O-O Nc6 7. a3 a5 8. Rb1 e5 9. d3 Nd4 10. Nd2 c6 11. e3 Ne6 12. b4 axb4 13. axb4 Nc7 14. Qc2 d5 15. b5 Be6 16. Rd1 Qd7 17. Nf3 Nfe8 18. d4 e4 19. Ne5 Bxe5 20. dxe5 Qe7 21. b6 Na6 22. cxd5 cxd5 23. Nxd5 Bxd5 24. Rxd5 Ng7 25. Qxe4 Rac8 26. Bb2 Ne6 27. Rd6 Nac5 28. Qd5 Rfd8 29. Rd1 Kf8 30. Ba3 Rxd6 31. exd6 Qd7 32. h4 f5 33. Qe5 Qg7 34. Qxg7+ Kxg7 35. Bd5 Rd8 36. Bb2+ Kf7 37. Be5 Na4 38. Rb1 Nc5 39. Rc1 Nd7 40. Rc7 1-0


[Site "https://www.chess.com"]

[Event "Titled Tuesday Blitz August 09 Early 2022"]
[White "Shohat, Yotam"]
[Black "Papasimakopoulos, Alexandros"]
[WhiteFideId "2813955"]
[BlackFideId "4244125"]
[WhiteElo "2119"]
[BlackElo "2357"]
[Result "1-0"]
[Round "09"]
[TimeControl "180+1"]
[Date "2022.08.09"]
[WhiteClock "0:00:04"]
[BlackClock "0:00:33"]

1. e4 e6 2. d3 d5 3. Qe2 Ne7 4. f4 c5 5. Nf3 Nbc6 6. g3 g6 7. c3 Bg7 8. Bg2 O-O 9. O-O b5 10. Be3 d4 11. Bf2 e5 12. cxd4 Nxd4 13. Nxd4 cxd4 14. Nd2 f6 15. Rac1 Be6 16. Nb3 Qd6 17. Nc5 Bf7 18. fxe5 fxe5 19. Bh3 Nc6 20. Be1 Bh6 21. Bd2 Bxd2 22. Qxd2 Kg7 23. Nd7 Rfd8 24. Rf6 Rxd7 25. Rxc6 Qe7 26. Bxd7 Qxd7 27. Rcd6 Qe7 28. Qf2 Bxa2 29. Ra6 Bb3 30. Rf3 Be6 31. Qd2 Bc8 32. Ra1 Bg4 33. Rff1 b4 34. Rac1 a5 35. Rc6 Rc8 36. Rfc1 Rxc6 37. Rxc6 Bh3 38. Qc1 Bd7 39. Rc7 Qd6 40. Qc5 Qxc5 41. Rxc5 a4 42. Rc7 Kf6 43. Rxd7 1-0


[Site "https://www.chess.com"]

[Event "Titled Tuesday Blitz August 09 Early 2022"]
[White "Shpanko, Nadiia"]
[Black "Mika, Tomasz"]
[WhiteFideId "14132400"]
[BlackFideId "1132970"]
[WhiteElo "2139"]
[BlackElo "2126"]
[Result "1-0"]
[Round "09"]
[TimeControl "180+1"]
[Date "2022.08.09"]
[WhiteClock "0:00:23"]
[BlackClock "0:00:01"]

1. c4 e6 2. b3 d5 3. Bb2 c5 4. cxd5 exd5 5. Nf3 Nf6 6. d4 Nc6 7. e3 cxd4 8. Nxd4 Be7 9. Be2 O-O 10. O-O Bd7 11. Nd2 Rc8 12. a3 Qb6 13. N2f3 Rfd8 14. b4 Ne4 15. Rc1 Bf6 16. Qb3 Bg4 17. Nxc6 Rxc6 18. Bxf6 Rxf6 19. Rfd1 h6 20. Rd4 Rfd6 21. Rcd1 Be6 22. Nd2 Nf6 23. Qd3 Rc8 24. Bf3 Rdc6 25. Nb3 Rc3 26. Qb1 R8c4 27. h3 Qc7 28. Nc5 Rxa3 29. Rxc4 dxc4 30. Nxb7 c3 31. Rd8+ Qxd8 32. Nxd8 Bb3 33. Qc1 Ra1 34. Qxa1 1-0


[Site "https://www.chess.com"]

[Event "Titled Tuesday Blitz August 09 Early 2022"]
[White "Shuvalova, Polina"]
[Black "Bosnjak, Petar"]
[WhiteFideId "24171760"]
[BlackFideId "14532581"]
[WhiteElo "2330"]
[BlackElo "2135"]
[Result "1-0"]
[Round "09"]
[TimeControl "180+1"]
[Date "2022.08.09"]
[WhiteClock "0:01:24"]
[BlackClock "0:01:33"]

1. d4 c6 2. e4 d5 3. exd5 cxd5 4. Bd3 Nc6 5. c3 Nf6 6. Bf4 Bg4 7. Qb3 Qc8 8. Nd2 e6 9. Ngf3 Be7 10. h3 Bh5 11. O-O O-O 12. Rae1 Bg6 13. Bxg6 hxg6 14. Re3 Na5 15. Qd1 b5 16. a3 Nc4 17. Nxc4 bxc4 18. Ng5 Nh5 19. Qf3 Nxf4 20. Qxf4 Qb8 21. Qh4 Bxg5 22. Qxg5 Qxb2 23. h4 Qc2 24. g4 Rae8 25. Kg2 f6 26. Qf4 Kf7 27. Rfe1 Re7 28. R1e2 Qb1 29. Rf3 Rh8 30. g5 f5 31. Rfe3 Qb8 32. Re5 Qd6 33. Rxf5+ 1-0


[Site "https://www.chess.com"]

[Event "Titled Tuesday Blitz August 09 Early 2022"]
[White "Simonovic, Miroslav"]
[Black "Ovezdurdyyeva, Jemal"]
[WhiteFideId "919152"]
[BlackFideId "14001888"]
[WhiteElo "2043"]
[BlackElo "1946"]
[Result "0-1"]
[Round "09"]
[TimeControl "180+1"]
[Date "2022.08.09"]
[WhiteClock "0:00:01"]
[BlackClock "0:00:54"]

1. d4 Nf6 2. Bg5 c5 3. Bxf6 gxf6 4. c3 cxd4 5. cxd4 d5 6. Nc3 Nc6 7. e3 e6 8. a3 Bd6 9. g3 h5 10. h4 a6 11. b4 Qc7 12. Nge2 Bd7 13. Bg2 Ne7 14. Rc1 Bc6 15. O-O Qd7 16. Qb3 Rd8 17. a4 b5 18. axb5 axb5 19. Ra1 e5 20. Ra5 Bc7 21. Ra7 Qd6 22. Rfa1 O-O 23. R7a6 Qd7 24. Rc1 Ra8 25. Rca1 Bb7 26. Rxa8 Rxa8 27. Rd1 e4 28. Rc1 Bd6 29. Nb1 Ra4 30. Qc2 Rxb4 31. Nec3 Rc4 32. Bf1 b4 33. Bxc4 dxc4 34. Nxe4 b3 35. Qxc4 b2 36. Rd1 Bxe4 37. Qb3 Qh3 38. f3 Qxg3+ 39. Kf1 Qxf3+ 40. Ke1 Bg3+ 41. Kd2 Bf2 42. Qxb2 Qxe3# 0-1


[Site "https://www.chess.com"]

[Event "Titled Tuesday Blitz August 09 Early 2022"]
[White "Siva Mahadevan"]
[Black "Korchmar, Vasiliy"]
[WhiteFideId "25043153"]
[BlackFideId "24131750"]
[WhiteElo "2203"]
[BlackElo "2370"]
[Result "1-0"]
[Round "09"]
[TimeControl "180+1"]
[Date "2022.08.09"]
[WhiteClock "0:00:11"]
[BlackClock "0:00:02"]

1. e4 c5 2. Nf3 d6 3. d4 cxd4 4. Nxd4 Nf6 5. Nc3 Nc6 6. Bg5 Bd7 7. Qd2 a6 8. O-O-O e6 9. f3 Nxd4 10. Qxd4 Be7 11. h4 Qc7 12. Kb1 b5 13. h5 h6 14. Be3 O-O 15. g4 b4 16. Ne2 Rfc8 17. Qd2 d5 18. e5 Nh7 19. f4 a5 20. Nd4 a4 21. Bd3 b3 22. cxb3 axb3 23. Nxb3 Qb7 24. Rc1 Rcb8 25. Qc2 Rxa2 26. Bxh7+ Kh8 27. Kxa2 Ba4 28. Qd3 Bxb3+ 29. Kb1 Qa8 30. Rc8+ Rxc8 31. Qxb3 Kxh7 32. Rc1 Rb8 33. Qd3+ Kg8 34. g5 hxg5 35. fxg5 Qa4 36. g6 Ra8 37. gxf7+ Kf8 38. Rc7 Qa1+ 39. Kc2 Rb8 40. Bd4 Qh1 41. Rxe7 Kxe7 42. Bc5+ Kd7 43. f8=Q Rxf8 44. Qb5+ Kc7 45. Bd6+ Kd8 46. Qb8+ 1-0


[Site "https://www.chess.com"]